 Dungeon Crawl Stone Soup version 0.22-a0 (webtiles) character file.

82 tsouns the Grasshopper (level 4, 0/38 HPs)
             Began as a Gnoll Warper on Dec 31, 2017.
             Succumbed to an adder's poison
             ... on level 2 of the Dungeon.
             The game lasted 00:06:52 (1964 turns).

tsouns the Grasshopper (Gnoll Warper)               Turns: 1964, Time: 00:06:52

Health: 0/38       AC:  3    Str: 13    XL:     4   Next: 43%
Magic:  11/11      EV: 11    Int: 17    God:
Gold:   79         SH:  7    Dex: 14    Spells: 2/13 levels left

rFire    . . .     SeeInvis .   a - +1 spear
rCold    . . .     Gourm    .   j - +0 shield
rNeg     . . .     Faith    .   b - +0 leather armour
rPois    .         Spirit   .   (no helmet)
rElec    .         Reflect  .   (no cloak)
rCorr    .         Harm     .   (no gloves)
MR       .....                  (no boots)
Stlth    +.........             (no amulet)
HPRegen  0.12/turn              (no ring)
MPRegen  0.12/turn              (no ring)

@: lethally poisoned (0 -> -3), very slightly contaminated
A: distributed training, fangs 1, strong nose
a: no special abilities


You were on level 2 of the Dungeon.
You were not hungry.

You visited 1 branch of the dungeon, and saw 2 of its levels.

You collected 79 gold pieces.

Inventory:

Hand Weapons
 a - a +1 spear (weapon)
Missiles
 e - 2 tomahawks of dispersal (quivered)
 g - 19 arrows
Armour
 b - a +0 leather armour (worn)
 j - a +0 shield (worn)
Potions
 i - a potion of brilliance
Books
 c - a book of Spatial Translocations

   Spells                             Type                      Level
   a - Blink                          Translocation                2
   b - Shroud of Golubria             Charms/Translocation         2
   c - Lesser Beckoning               Translocation                3
   d - Gell's Gravitas                Translocation                3
   e - Teleport Other                 Translocation                3
   f - Passage of Golubria            Translocation                4
Comestibles
 h - 4 chunks of flesh


   Skills:
 + Level 4.6 Fighting
 + Level 1.1 Short Blades
 + Level 1.1 Long Blades
 + Level 1.1 Axes
 + Level 1.1 Maces & Flails
 + Level 4.6 Polearms
 + Level 1.1 Staves
 + Level 1.1 Slings
 + Level 1.1 Bows
 + Level 1.1 Crossbows
 + Level 2.7 Throwing
 + Level 2.7 Armour
 + Level 4.6 Dodging
 + Level 1.1 Stealth
 + Level 1.1 Shields
 + Level 1.1 Unarmed Combat
 + Level 5.0 Spellcasting
 + Level 0.8 Conjurations
 + Level 0.8 Hexes
 + Level 0.8 Charms
 + Level 0.8 Summonings
 + Level 0.8 Necromancy
 + Level 5.4 Translocations
 + Level 0.8 Transmutations
 + Level 0.8 Fire Magic
 + Level 0.8 Ice Magic
 + Level 0.8 Air Magic
 + Level 0.8 Earth Magic
 + Level 0.8 Poison Magic
 + Level 1.2 Invocations
 + Level 1.1 Evocations


You had 2 spell levels left.
You knew the following spells:

 Your Spells              Type           Power        Failure   Level  Hunger
a - Blink                 Tloc           N/A          17%         2    #......
b - Gell's Gravitas       Tloc           ###.......   32%         3    ###....
c - Lesser Beckoning      Tloc           ###.......   32%         3    ###....
d - Teleport Other        Tloc           ###.....     32%         3    ###....


Dungeon Overview and Level Annotations

Branches:
Dungeon (2/15)

Altars:


Innate Abilities, Weirdness & Mutations

Your experience applies equally to all skills.
You have very sharp teeth.
Your uncanny sense of smell can sniff out nearby items.


Message History

Press: ? - help, Dir - move target cursor You are very lightly contaminated with residual magic.
As you read the scroll of blinking, it crumbles to dust.
* * * LOW HITPOINT WARNING * * *
You feel sick.
* * * LOW HITPOINT WARNING * * *
You feel sick.
You slide downwards.
The hatch slams shut behind you.
* * * LOW HITPOINT WARNING * * *
You feel sick.
Okay, then.
Unknown command.
* * * LOW HITPOINT WARNING * * *
You feel sick.
You hit the worm.
The worm is moderately wounded.
The worm bites you but does no damage.
You hit the worm.
The worm is moderately wounded.
You die...

#.#..r..........
#....#ww........
#..#r#.........
....##(#.....#...
...##.##†#.><..#
## #.##)...w(.#
#... ##......#.#
#..####(.....[#
#....@w.....###
#...........#
.............$#
..............# .
...#...........#
. ..
#............# .
. ...............
##.
...............
##.. ...


You could see a worm and a dart slug.

Vanquished Creatures
  3 adders
  2 gnolls (D:1)
  A dart slug (D:1)
  3 bats
  A giant cockroach (D:1)
  4 goblins
  2 hobgoblins (D:1)
  5 jackals
  3 frilled lizards (D:1)
  5 kobolds
  9 rats
38 creatures vanquished.

Notes
Turn   | Place    | Note
-------+----------+-------------------------------------------
     0 | D:1      | tsouns the Gnoll Warper began the quest for the Orb.
     0 | D:1      | Reached XP level 1. HP: 20/20 MP: 6/6
    85 | D:1      | Reached XP level 2. HP: 25/26 MP: 7/7
   387 | D:1      | Reached skill level 5 in Spellcasting
   387 | D:1      | Reached XP level 3. HP: 16/31 MP: 7/9
   394 | D:1      | Learned a level 2 spell: Blink
   398 | D:1      | Learned a level 3 spell: Gell's Gravitas
   402 | D:1      | Learned a level 3 spell: Lesser Beckoning
   406 | D:1      | Learned a level 3 spell: Teleport Other
   960 | D:1      | Reached skill level 1 in Invocations
  1347 | D:1      | Reached skill level 1 in Short Blades
  1347 | D:1      | Reached skill level 1 in Long Blades
  1347 | D:1      | Reached skill level 1 in Axes
  1347 | D:1      | Reached skill level 1 in Maces & Flails
  1347 | D:1      | Reached skill level 1 in Staves
  1347 | D:1      | Reached skill level 1 in Slings
  1347 | D:1      | Reached skill level 1 in Bows
  1347 | D:1      | Reached skill level 1 in Crossbows
  1347 | D:1      | Reached skill level 1 in Stealth
  1347 | D:1      | Reached skill level 1 in Shields
  1347 | D:1      | Reached skill level 1 in Unarmed Combat
  1347 | D:1      | Reached skill level 1 in Evocations
  1674 | D:1      | Reached XP level 4. HP: 21/38 MP: 11/11
  1958 | D:2      | HP: 1/38 [poisoned by an adder]
  1964 | D:2      | Succumbed to an adder's poison

Vault maps used:
D:1:      onia_arrival_larder, kennysheep_doodads
D:2:      yredelemnul_altar_generic, tso_oasis_becter

Skill      XL: |  1  2  3 |
---------------+----------+-----
Spellcasting   | 5 |  5.0
Invocations    | 1 |  1.2
Short Blades   | 1 |  1.1
Long Blades    | 1 |  1.1
Axes           | 1 |  1.1
Maces & Flails | 1 |  1.1
Staves         | 1 |  1.1
Slings         | 1 |  1.1
Bows           | 1 |  1.1
Crossbows      | 1 |  1.1
Stealth        | 1 |  1.1
Shields        | 1 |  1.1
Unarmed Combat | 1 |  1.1
Evocations     | 1 |  1.1
Fighting       | |  4.6
Polearms       | |  4.6
Throwing       | |  2.7
Armour         | |  2.7
Dodging        | |  4.6
Conjurations   | |  0.8
Hexes          | |  0.8
Charms         | |  0.8
Summonings     | |  0.8
Necromancy     | |  0.8
Translocations | |  5.4
Transmutations | |  0.8
Fire Magic     | |  0.8
Ice Magic      | |  0.8
Air Magic      | |  0.8
Earth Magic    | |  0.8
Poison Magic   | |  0.8

Action                   |  1- 3 |  4- 6 || total
-------------------------+-------+-------++-------
Melee: Spear             |   113 |    43 ||   156
       Bite              |     9 |     1 ||    10
Throw: Tomahawk          |     3 |       ||     3
 Cast: Blink             |     1 |       ||     1
  Use: Scroll            |     3 |     2 ||     5
       Potion            |     1 |       ||     1
 Stab: Sleeping          |     2 |       ||     2
  Eat: Chunk             |     2 |       ||     2
       Ration            |       |     1 ||     1
Armor: Leather armour    |    13 |     4 ||    17
Dodge: Dodged            |    52 |    19 ||    71
Block: Shield            |    24 |    15 ||    39

Table legend:
 A = Spawn XP
 B = Non-spawn XP
 C = Spawn XP percentage of total XP
 D = Spawn monster count
 E = Non-spawn monster count
 F = Spawn count percentage of total count
 G = Total turns spent on level
                    A         B        C        D         E        F      G
               +---------+---------+-------+---------+---------+-------+---------
         Total |       0 |     118 |   0.0 |       0 |      38 |   0.0 |  1964
               +---------+---------+-------+---------+---------+-------+---------
           D:1 |       0 |      90 |   0.0 |       0 |      27 |   0.0 |  1828
           D:2 |       0 |      28 |   0.0 |       0 |      11 |   0.0 |   136
               +---------+---------+-------+---------+---------+-------+---------
